 Dungeon Crawl Stone Soup version 0.29.0-7-g18a832c13a (webtiles) character file.

Game seed: 9672760453886906476

6875 drpainis the Cleaver (level 11, -1/126 HPs)
             Began as a Hill Orc Fighter on Aug 29, 2022.
             Was a Believer of Hepliaklqana.
             Slain by an ettin (shapeshifter) (10 damage)
             ... on level 9 of the Dungeon on Aug 31, 2022.
             The game lasted 00:16:34 (15049 turns).

drpainis the Cleaver (Hill Orc Fighter)            Turns: 15049, Time: 00:16:35

Health: -1/126     AC: 25    Str: 24      XL:     11   Next: 6%
Magic:  11/11      EV:  2    Int: 16      God:    Hepliaklqana [**....]
Gold:   145        SH: 10    Dex: 13 (14) Spells: 10/10 levels left

rFire   + . .      SeeInvis +   J - +2 war axe (drain)
rCold   . . .      Faith    .   o - +0 kite shield
rNeg    . . .      Spirit   .   (body armour currently unavailable)
rPois   +          Reflect  .   (helmet currently unavailable)
rElec   +          Harm     .   (cloak currently unavailable)
rCorr   .          Rampage  .   (gloves currently unavailable)
Will    +....      NoTele   +   (boots currently unavailable)
Stlth   +.........              (no amulet)
HPRegen 0.31/turn               e - ring of Divine Compulsion {rElec rPois Dex+6 Stlth-}
MPRegen 0.12/turn               H - ring of Satyriasis {rF+ Will+ Str+2 SInv}

@: tree-form
A: stationary, stasis, torment immunity, boosted hp, reduced essence,
(iridescent scales 1), clever 2, deterioration 1, subdued magic 1
a: Renounce Religion, Ancestor Life: Knight, Ancestor Life: Battlemage, Ancestor
Life: Hexer, Recall Ancestor, Ancestor Identity


You were on level 9 of the Dungeon.
You worshipped Hepliaklqana.
Hepliaklqana was pleased with you.
You were a tree.
You visited 2 branches of the dungeon, and saw 10 of its levels.

You collected 533 gold pieces.
You spent 388 gold pieces at shops.

Inventory:

Hand Weapons
 a - a +0 war axe
 x - a +2 hand axe of distortion
 J - a +2 war axe of draining (weapon)
Missiles
 k - a throwing net (quivered)
Armour
 b - a +0 scale mail
 c - a +0 buckler
 j - a +0 pair of boots (melded)
 o - a +0 kite shield (worn)
 p - a +0 helmet (melded)
 B - a +2 cloak (melded)
 G - a +0 chain mail (melded)
Jewellery
 e - the ring of Divine Compulsion (left branch) {rElec rPois Dex+6 Stlth-}
   (You acquired it on level 3 of the Dungeon)

   [ring of dexterity]

   Dex:       It affects your dexterity (+6).
   rElec:     It insulates you from electricity.
   rPois:     It protects you from poison.
   Stlth:     It makes you less stealthy.
 n - a ring of protection from fire
 D - a +6 ring of strength
 H - the ring of Satyriasis (right branch) {rF+ Will+ Str+2 SInv}
   (You bought it in a shop on level 9 of the Dungeon)

   [ring of see invisible]

   Str:       It affects your strength (+2).
   rF:        It protects you from fire.
   SInv:      It lets you see invisible.
   Will:      It increases your willpower.
Wands
 d - a wand of digging (7)
 q - a wand of roots (17)
 A - a wand of light (10)
Scrolls
 f - 2 scrolls of torment
 g - 3 scrolls of identify
 h - a scroll of blinking
 i - a scroll of brand weapon {unknown}
 m - 2 scrolls of teleportation
 r - 2 scrolls of magic mapping
 u - 4 scrolls of noise {unknown}
 v - 2 scrolls of immolation {unknown}
 y - a scroll of poison {unknown}
 z - 2 scrolls of enchant weapon {unknown}
Potions
 l - a potion of magic
 t - 3 potions of lignification
 w - 2 potions of berserk rage {unknown}
 C - a potion of haste {unknown}
 F - a potion of curing {unknown}
 K - 2 potions of invisibility {unknown}
Miscellaneous
 E - a phantom mirror


   Skills:
 + Level 7.8 Fighting
 + Level 12.7 Axes
 + Level 10.4 Armour
 + Level 2.9 Dodging
 + Level 2.0 Stealth
 + Level 8.3 Shields


You had 10 spell levels left.
You didn't know any spells.
Your spell library contained the following spells:

 Spells                   Type           Power      Damage    Failure   Level
 Static Discharge         Conj/Air       0%         3-3/arc   63%         2
 Animate Armour           Summ/Erth      0%         N/A       99%         4
 Dispel Undead            Necr           0%         3d6       99%         4
 Sticky Flame             Conj/Fire      0%         2d3       99%         4
 Blade Hands              Tmut           0%         N/A       100%        5
 Irradiate                Conj/Tmut      0%         3d11      100%        5
 Iron Shot                Conj/Erth      0%         9d1       100%        6
 Dragon Form              Tmut           0%         N/A       100%        7


Dungeon Overview and Level Annotations

Branches:
Dungeon (9/15)             Temple (1/1) D:6            Lair (0/5) D:9
    Orc (0/2) D:9

Altars:
Ashenzari
Cheibriados
Dithmenos
Fedhas
Gozag
Hepliaklqana
Kikubaaqudgha
Makhleb
Nemelex Xobeh
Okawaru
Qazlal
Ru
Sif Muna
Trog
Uskayaw
Vehumet
Wu Jian
Xom
Yredelemnul
Zin
The Shining One
Beogh

Shops:
D:5 :   D:9 =

Annotations:
D:3 Grinder
Abyss:1 Harold


Innate Abilities, Weirdness & Mutations

You are a tree.
Your roots penetrate the ground, keeping you stationary.
You cannot be teleported.
You are immune to unholy pain and torment.
Your maximum health is greatly increased.
Your equipment is partially melded.
Your life essence is reduced to manifest your ancestor. (-10% HP)
((You are partially covered in iridescent scales. (AC +2)))
Your mind is very acute. (Int +8, Str/Dex -2)
Your body sometimes deteriorates upon taking damage.
Your spells are a little easier to cast, but a little less powerful.


Message History

Things that are here:
a +0 hand axe; a +0 robe You barely miss the spark wasp.
You block the spark wasp's attack.
The spark wasp stings you but does no damage.
You barely miss the spark wasp. The spark wasp barely misses you.
ACKKKKKKKKKKKKKKK barely misses the spark wasp.
You closely miss the spark wasp. The spark wasp stings you.
The spark wasp shocks you. You resist.
ACKKKKKKKKKKKKKKK hits the spark wasp but does no damage.
You closely miss the spark wasp. The spark wasp barely misses you.
The spark wasp stings you but does no damage.
ACKKKKKKKKKKKKKKK hits the spark wasp but does no damage.
You hit the spark wasp.
The spark wasp is lightly wounded.
You block the spark wasp's attack.
ACKKKKKKKKKKKKKKK hits the spark wasp.
You hit the spark wasp but do no damage.
You drain the spark wasp.
The spark wasp is lightly wounded.
The spark wasp stings you! The spark wasp shocks you. You resist.
The spark wasp stings you!
* * * LOW HITPOINT WARNING * * *
Your body deteriorates!
You feel clumsy. The spark wasp shocks you. You resist.
* * * LOW HITPOINT WARNING * * *
ACKKKKKKKKKKKKKKK barely misses the spark wasp.
It was a potion of lignification.
You turn into a tree.
Your +2 cloak melds into your body.
Your +0 helmet melds into your body.
Your +0 pair of boots melds into your body.
Your +0 chain mail melds into your body.
Your roots penetrate the ground.
The spark wasp stings you.
* * * LOW HITPOINT WARNING * * *
The spark wasp shocks you. You resist.
* * * LOW HITPOINT WARNING * * *
ACKKKKKKKKKKKKKKK hits the spark wasp but does no damage.
The spark wasp changes into an ettin!
ACKKKKKKKKKKKKKKK hits the ettin.
ACKKKKKKKKKKKKKKK hits the ettin.
The ettin hits you.
* * * LOW HITPOINT WARNING * * *
The ettin hits you!
You die...

....†††............# #...
....†..............#######..
..................#...≈...#..#...
....................#...#....#...
.................).##..P##.......
.................#.........#.....
......#..........#≈...>.P.≈#.....
......#.........)#....PP...#.....
......#......)..♣C.##...##.......
......##########)R..#...#....#
####### ..........#...≈...#..####
...........#######...#...
...........#....#....#...
########....#.........#...
#.....#8....#.............
#.....#.....#.............
#.._..'..>..#.............


You could see the friendly ACKKKKKKKKKKKKKKK the ancestor and an ettin shaped
shifter (ally target).

Vanquished Creatures
  A tengu warrior (D:9)
  An efreet (D:9)
  Prince Ribbit (D:8)
  9 yaks
  A steam dragon (D:8)
  A water moccasin (D:7)
  5 orc warriors
  3 ogres
  A black bear (D:6)
  3 centaurs
  2 phantoms
  4 bullfrogs
  A scorpion (D:7)
  5 wights
  11 killer bees
  3 orc priests
  Crazy Yiuf (D:5)
  2 hounds
  4 jellies
  Natasha (thrice) (D:3)
  2 iguanas (D:6)
  7 orc wizards
  Robin (D:2)
  9 gnolls
  7 adders
  2 shadow imps
  3 worms
  A dart slug (D:1)
  19 orcs
  7 ball pythons
  7 endoplasms
  2 giant cockroaches (D:1)
  16 goblins
  8 hobgoblins
  8 jackals (D:3)
  4 quokkas
  7 bats
  4 frilled lizards
  4 kobolds
  9 rats
189 creatures vanquished.

Vanquished Creatures (collateral kills)
  A yak (D:9)
  A sky beast (D:7)
  An ice beast (D:7)
  A wight (D:9)
  A killer bee (D:9)
  3 orc priests
  An orc wizard (D:9)
  6 orcs
15 creatures vanquished.

Vanquished Creatures (others)
  A deep elf pyromancer (D:9)
  3 ancestors
  4 fungi (D:9)
  4 plants (D:9)
  A withered plant (D:8)
13 creatures vanquished.

Grand Total: 217 creatures vanquished

Notes
Turn   | Place    | Note
-------+----------+-------------------------------------------
     0 | D:1      | drpainis the Hill Orc Fighter began the quest for the Orb.
     0 | D:1      | Reached XP level 1. HP: 19/19 MP: 1/1
   114 | D:1      | Reached XP level 2. HP: 27/27 MP: 2/2
   230 | D:1      | Reached skill level 3 in Axes
   673 | D:1      | Reached XP level 3. HP: 22/33 MP: 3/3
   943 | D:1      | Reached XP level 4. HP: 29/40 MP: 4/4
  1119 | D:2      | Noticed Robin
  1128 | D:2      | Reached skill level 4 in Axes
  1138 | D:2      | Killed Robin
  1555 | D:2      | Reached XP level 5. HP: 44/46 MP: 5/5
  1613 | D:2      | Gained mutation: You have sharp toenails. [potion of
                  | mutation]
  1613 | D:2      | Gained mutation: Your spells are a little harder to cast,
                  | but a little more powerful. [potion of mutation]
  1613 | D:2      | HP: 1/46 [gnoll/+0 spear (3)]
  3045 | D:3      | Reached skill level 5 in Armour
  3130 | D:3      | Noticed Natasha
  3140 | D:3      | Killed Natasha
  3141 | D:3      | Reached skill level 5 in Axes
  3265 | D:3      | Noticed Natasha
  3272 | D:3      | Reached XP level 6. HP: 31/53 MP: 6/6
  3272 | D:3      | Killed Natasha
  3338 | D:3      | Noticed Natasha
  3346 | D:3      | Killed Natasha
  3523 | D:3      | Noticed Grinder
  3530 | D:3      | Paralysed by Grinder for 5 turns
  3537 | D:3      | Paralysed by Grinder for 5 turns
  3582 | D:3      | Identified a scroll of acquirement
  3582 | D:3      | Acquired the ring of Divine Compulsion {rElec rPois Dex+6
                  | Stlth-}
  3867 | D:3      | Paralysed by Grinder for 3 turns
  3872 | D:3      | Paralysed by Grinder for 3 turns
  5417 | D:3      | Found a hide-covered altar of Uskayaw.
  5426 | D:3      | Found a broken altar of Ashenzari.
  5482 | D:3      | Lost mutation: Your spells are a little harder to cast, but
                  | a little more powerful. [potion of mutation]
  5482 | D:3      | Lost mutation: You have sharp toenails. [potion of
                  | mutation]
  5482 | D:3      | Gained mutation: Your magical capacity is low. (-10% MP)
                  | [potion of mutation]
  5482 | D:3      | Gained mutation: Your natural rate of healing is unusually
                  | fast. [potion of mutation]
  5482 | D:3      | Gained mutation: You have hidden genetic potential. [potion
                  | of mutation]
  6837 | D:5      | Entered Level 5 of the Dungeon
  6837 | D:5      | You fall into a shaft and drop 3 floors!
  6867 | D:8      | Found a blossoming altar of Fedhas.
  6916 | D:8      | Noticed Prince Ribbit
  6951 | D:6      | Reached skill level 6 in Axes
  6951 | D:6      | Reached XP level 7. HP: 60/60 MP: 6/6
  6962 | D:6      | Gained mutation: You are agile. (Dex +4, Str/Int -1)
                  | [hidden potential]
  6983 | D:5      | Reached skill level 5 in Fighting
  6983 | D:5      | Reached skill level 7 in Axes
  7322 | D:5      | Lost mutation: You are agile. (Dex +4, Str/Int -1) [potion
                  | of mutation]
  7322 | D:5      | Lost mutation: You have hidden genetic potential. [potion
                  | of mutation]
  7322 | D:5      | Lost mutation: Your magical capacity is low. (-10% MP)
                  | [potion of mutation]
  7322 | D:5      | Gained mutation: You are partially covered in iridescent
                  | scales. (AC +2) [potion of mutation]
  7322 | D:5      | Gained mutation: Your spells are a little harder to cast,
                  | but a little more powerful. [potion of mutation]
  7568 | D:5      | Lost mutation: Your natural rate of healing is unusually
                  | fast. [potion of mutation]
  7568 | D:5      | Lost mutation: Your spells are a little harder to cast, but
                  | a little more powerful. [potion of mutation]
  7568 | D:5      | Gained mutation: Your spells are a little easier to cast,
                  | but a little less powerful. [potion of mutation]
  7568 | D:5      | Gained mutation: You have hidden genetic potential. [potion
                  | of mutation]
  7568 | D:5      | Gained mutation: Your body sometimes deteriorates upon
                  | taking damage. [potion of mutation]
  7882 | D:5      | Found a runed translucent door.
  7883 | D:5      | Noticed Crazy Yiuf
  7917 | D:5      | Reached XP level 8. HP: 53/68 MP: 8/8
  8117 | D:5      | Reached skill level 1 in Dodging
  8117 | D:5      | Reached skill level 1 in Stealth
  8230 | D:5      | Found Tieqil's Book Shoppe.
  8283 | D:5      | Killed Crazy Yiuf
  8284 | D:5      | Reached skill level 8 in Axes
  8339 | D:6      | Found a radiant altar of Vehumet.
  8428 | D:6      | Reached skill level 5 in Shields
  8613 | D:6      | Found a staircase to the Ecumenical Temple.
  8623 | Temple   | Entered the Ecumenical Temple
  8731 | Temple   | Became a worshipper of Hepliaklqana the Forgotten
  8973 | D:6      | Gained mutation: Your mind is acute. (Int +4, Str/Dex -1)
                  | [hidden potential]
  9477 | D:7      | Reached skill level 9 in Axes
  9940 | D:7      | Reached * piety under Hepliaklqana
  9978 | D:7      | Reached XP level 9. HP: 64/67 MP: 9/9
 10230 | D:7      | Reached skill level 10 in Axes
 10366 | D:7      | Gained mutation: Your mind is very acute. (Int +8, Str/Dex
                  | -2) [hidden potential]
 10366 | D:7      | Lost mutation: You have hidden genetic potential. [hidden
                  | potential expressed]
 11804 | D:8      | Killed Prince Ribbit
 11805 | D:8      | Reached skill level 11 in Axes
 12940 | D:7      | Reached XP level 10. HP: 59/75 MP: 10/10
 13226 | D:8      | Upgraded the game from 0.29.0-5-ge4962eb29e to
                  | 0.29.0-7-g18a832c13a
 13343 | D:8      | Found an ancient bone altar of Kikubaaqudgha.
 13476 | D:9      | Found Cezeiheh's Jewellery Shoppe.
 13606 | D:9      | Bought the ring of Satyriasis {rF+ Will+ Str+2 SInv} for
                  | 388 gold pieces
 13671 | D:9      | Noticed Harold
 13678 | D:9      | Banished Harold
 13901 | D:9      | Found a staircase to the Lair.
 13999 | D:9      | Noticed a manticore
 14007 | D:9      | Reached ** piety under Hepliaklqana
 14007 | D:9      | Found a staircase to the Orcish Mines.
 14020 | D:9      | Reached skill level 10 in Armour
 14025 | D:9      | Reached skill level 12 in Axes
 14346 | D:9      | Noticed a tengu warrior
 14346 | D:9      | Noticed a deep elf pyromancer
 14346 | D:9      | Noticed a cyclops
 14346 | D:9      | Noticed a cyclops
 14346 | D:9      | Noticed a cyclops
 14369 | D:9      | Killed a deep elf pyromancer
 14417 | D:9      | Killed a tengu warrior
 14441 | D:9      | Found a roughly hewn altar of Beogh.
 14796 | D:9      | Reached XP level 11. HP: 71/83 MP: 11/11
 15036 | D:9      | Noticed a spark wasp
 15047 | D:9      | Noticed an ettin
 15047 | D:9      | a spark wasp changed into an ettin
 15049 | D:9      | Slain by an ettin (shapeshifter)

Illustrated notes

Levels and vault maps discovered:
D:1:      ebering_trefoil_twist, layout_basic, chequers_jeans
D:2:      layout_rooms, minivault_25, skrybe_limestone_x, minmay_pentomino_q4,
          uniq_robin
D:3:      layout_loops_ring, amethyst_overflow_temple_binary, serial_glass,
          glass_columns_a, glass_columns_a, glass_columns_c, glass_columns_a,
          glass_columns_a, glass_columns_b, item_on_display_a,
          due_unseen_surprise, uniq_grinder, uniq_natasha
D:4:      layout_layer_cave, minmay_misc_feat_encased
D:5:      layout_rooms, serial_curves, eino_curves_02, eino_curves_02,
          serial_shops, nicolae_shop_behind_doors, kennysheep_generic_room_3,
          uniq_crazy_yiuf_cottage
D:6:      layout_loops_ring, nicolae_vehumet_altar_sigil,
          minmay_temple_entry_proselytizer, minivault_10
D:7:      layout_loops_corners
D:8:      layout_basic, kiku_gazebo_garden_becter,
          mainiacjoe_overflow_tiny_flanked, uniq_prince_ribbit1
D:9:      layout_grid_maze, dpeg_oklobed_lair, minmay_orc_entry_temple_small,
          nicolae_stop_n_shop_2, minivault_28, uniq_harold
Temple:   nicolae_temple_superstar

Skill      XL: |  1  2  3  4  5  6  7  8  9 10 |
---------------+-------------------------------+-----
Axes           | 3 4 5 6 7 9 11 12 | 12.7
Armour         | 4 5 6 8 10 | 10.4
Fighting       | 4 5 6 7 |  7.8
Shields        | 4 5 7 8 |  8.3
Dodging        | 1 2 |  2.9
Stealth        | 1 2 |  2.0

Action                   |  1- 3 |  4- 6 |  7- 9 | 10-12 || total
-------------------------+-------+-------+-------+-------++-------
Melee: War axe           |    72 |   202 |    37 |    52 ||   363
       Hand axe          |       |       |   199 |    26 ||   225
Invok: Recall Ancestor   |       |       |     2 |     1 ||     3
       Ancestor Identity |       |       |     1 |       ||     1
  Use: Potion            |       |     7 |     4 |     3 ||    14
       Scroll            |       |     7 |       |       ||     7
Armor: Scale mail        |    46 |   118 |    81 |       ||   245
       Chain mail        |       |       |    51 |    64 ||   115
Dodge: Dodged            |    48 |    98 |    89 |    43 ||   278
Block: Buckler           |    14 |    33 |       |       ||    47
       Kite shield       |       |    41 |   119 |    57 ||   217
